 Dungeon Crawl Stone Soup version 0.29-a0-275-g389c0b56f3 (webtiles) character file.

Game seed: 15828248364414690052

100357 croobank the Thaumaturge (level 16, -4/109 (111) HPs)
             Began as a Gnoll Fire Elementalist on Mar 11, 2022.
             Was the Champion of Hepliaklqana.
             Slain by an entropy weaver (9 damage)
             ... on level 2 of the Spider Nest on Mar 12, 2022.
             The game lasted 03:43:31 (33766 turns).

croobank the Thaumaturge (Gnoll Fire Elementalist) Turns: 33766, Time: 03:43:33

HP:   -4/109 (111)  AC:  3    Str:  9    XL:     16   Next: 27%
MP:   17/31         EV: 20    Int: 28    God:    Hepliaklqana [******]
Gold: 2573          SH:  0    Dex: 12    Spells: 1/38 levels left

rFire   + . .      SeeInvis .   d - staff of fire
rCold   . . .      Faith    .   (no shield)
rNeg    . . .      Spirit   .   T - +2 troll leather armour {Snorg}
rPois   .          Reflect  .   A - +0 helmet
rElec   .          Harm     .   k - scarf {+Inv}
rCorr   .          Rampage  .   F - +1 pair of gloves
Will    +....      Clarity  +   (no boots)
Stlth   ++++......              G - amulet of the acrobat
HPRegen 1.08/turn               B - +4 ring of evasion
MPRegen 0.22/turn               C - +6 ring of intelligence

@: corroded, slowed, lightly drained, very slow
A: reduced essence, fangs 1, strong nose, distributed training, clarity,
screaming 1
a: Renounce Religion, Evoke Invisibility, Recall Ancestor, Ancestor Identity,
Transference, Idealise


You were on level 2 of the Spider Nest.
You worshipped Hepliaklqana.
Hepliaklqana was exalted by your worship.
You visited 8 branches of the dungeon, and saw 29 of its levels.
You visited the Abyss 1 time.
You also visited: Bailey.

You collected 3158 gold pieces.
You spent 585 gold pieces at shops.

Inventory:

Hand Weapons
 i - a +2 trident of flaming
 l - a +1 dagger of speed
 u - the +9 short sword of the Big Fish {vorpal, *Rage Dex+6}
   (You found it on level 13 of the Dungeon)

   It inflicts extra damage upon your enemies.
   Dex:       It affects your dexterity (+6).
   *Rage:     It berserks you when you make melee attacks (+20% chance).
 z - the +4 morningstar of Amortisation {vorpal, +Blink rElec rF- Str+4}
   (You found it on level 4 of the Dungeon)

   It inflicts extra damage upon your enemies.
   Str:       It affects your strength (+4).
   rF:        It makes you vulnerable to fire.
   rElec:     It insulates you from electricity.
   +Blink:    It lets you blink.
 D - a +2 vorpal war axe
 K - a +4 dagger
 N - a +0 hand crossbow
 O - a +0 bardiche of pain
 Z - a +5 long sword
Missiles
 w - 9 atropa-tipped darts
 x - 3 silver javelins
 M - 21 curare-tipped darts (quivered)
 R - 5 boomerangs of dispersal
 S - 4 datura-tipped darts
Armour
 g - a +2 robe of fire resistance
 k - a scarf of invisibility (worn)
 A - a +0 helmet (worn)
 F - a +1 pair of gloves (worn)
 T - a +2 troll leather armour (worn) {Snorg}
Magical Staves
 d - a staff of fire (weapon)
Jewellery
 n - a ring of flight
 r - a ring of positive energy
 v - a +6 ring of strength
 B - a +4 ring of evasion (left hand)
 C - a +6 ring of intelligence (right hand)
 G - an amulet of the acrobat (around neck)
 L - a ring of willpower
Wands
 b - a wand of mindburst (13)
 m - a wand of flame (49)
 o - a wand of charming (5)
 J - a wand of iceblast (15)
 X - a wand of acid (10)
 Y - a wand of paralysis (10)
Scrolls
 a - 2 scrolls of fog
 y - a scroll of summoning
 I - 5 scrolls of magic mapping
Potions
 e - 3 potions of might
 f - 2 potions of haste
 h - a potion of magic
 s - a potion of curing
 t - 2 potions of lignification
 E - a potion of berserk rage
 H - 2 potions of cancellation {unknown}
 P - a potion of ambrosia {unknown}
 U - a potion of flight
 V - 5 potions of brilliance
 W - a potion of resistance
Miscellaneous
 c - a condenser vane (inert)
 p - a phantom mirror
 q - a tin of tremorstones (2/2)
 Q - a lightning rod (4/4)


   Skills:
 + Level 10.8 Fighting
 + Level 10.8 Short Blades
 + Level 10.8 Long Blades
 + Level 10.8 Axes
 + Level 10.8 Maces & Flails
 + Level 10.8 Polearms
 + Level 10.8 Staves
 + Level 10.8 Slings
 + Level 10.8 Bows
 + Level 10.8 Crossbows
 + Level 10.8 Throwing
 + Level 10.8 Armour
 + Level 11.7 Dodging
 + Level 11.5 Stealth
 + Level 10.8 Shields
 + Level 10.8 Unarmed Combat
 + Level 11.8 Spellcasting
 + Level 9.3 Conjurations
 + Level 9.1 Hexes
 + Level 9.1 Summonings
 + Level 9.1 Necromancy
 + Level 9.1 Translocations
 + Level 9.1 Transmutations
 + Level 10.6 Fire Magic
 + Level 9.1 Ice Magic
 + Level 9.1 Air Magic
 + Level 9.1 Earth Magic
 + Level 9.1 Poison Magic
 + Level 11.7 Invocations
 + Level 10.8 Evocations


You had one spell level left.
You knew the following spells:

 Your Spells              Type           Power      Damage    Failure   Level
a - Foxfire               Conj/Fire      100%       2x1d9     1%          1
b - Scorch                Fire           100%       2d10      1%          2
c - Flame Wave            Conj/Fire      83%        2d14      1%          4
d - Stone Arrow           Conj/Erth      100%       3d13      1%          3
e - Confusing Touch       Hex            61%        N/A       1%          3
f - Olgreb's Toxic Radia  Pois           61%        N/A       1%          4
g - Metabolic Englaciati  Hex/Ice        30%        N/A       2%          5
h - Summon Ice Beast      Ice/Summ       61%        N/A       1%          4
i - Summon Guardian Gole  Hex/Summ       61%        N/A       1%          3
j - Call Canine Familiar  Summ           61%        N/A       1%          3
k - Apportation           Tloc           100%       N/A       1%          1
l - Sticky Flame          Conj/Fire      83%        2d9       1%          4

Your spell library contained the following spells:

 Spells                   Type           Power      Damage    Failure   Level
 Animate Skeleton         Necr           100%       N/A       1%          1
 Magic Dart               Conj           100%       1d8       1%          1
 Pain                     Necr           100%       1d9       1%          1
 Sting                    Tmut/Pois      100%       1d8       1%          1
 Summon Small Mammal      Summ           100%       N/A       1%          1
 Corpse Rot               Necr/Air       100%       N/A       1%          2
 Poisonous Vapours        Pois/Air       100%       N/A       1%          2
 Searing Ray              Conj           100%       2d8       1%          2
 Static Discharge         Conj/Air       62%        N/A       1%          2
 Conjure Flame            Conj/Fire      83%        6-21      1%          3
 Frozen Ramparts          Ice            100%       1d12      1%          3
 Inner Flame              Hex/Fire       82%        N/A       1%          3
 Ozocubu's Armour         Ice            61%        N/A       1%          3
 Tukima's Dance           Hex            61%        N/A       1%          3
 Vampiric Draining        Necr           61%        2d10      1%          3
 Animate Armour           Summ/Erth      100%       N/A       1%          4
 Cause Fear               Hex            30%        N/A       1%          4
 Dispel Undead            Necr           61%        3d21      1%          4
 Fulminant Prism          Conj/Hex       31%        3d16      1%          4
 Ice Form                 Ice/Tmut       61%        N/A       1%          4
 Passage of Golubria      Tloc           61%        N/A       1%          4
 Blade Hands              Tmut           30%        N/A       2%          5
 Irradiate                Conj/Tmut      31%        3d24      2%          5
 Yara's Violent Unravell  Hex/Tmut       30%        3d13      2%          5
 Death Channel            Necr           30%        N/A       16%         6
 Simulacrum               Ice/Necr       30%        N/A       16%         6
 Dragon Form              Tmut           30%        N/A       65%         7
 Enfeeble                 Hex            30%        N/A       65%         7
 Lehudib's Crystal Spear  Conj/Erth      31%        10d8      99%         8
 Discord                  Hex            30%        N/A       100%        8


Dungeon Overview and Level Annotations

Branches:
Dungeon (15/15)            Temple (1/1) D:6            Lair (6/6) D:8
 Shoals (0/4) Lair:3       Spider (2/4) Lair:4        Slime (1/5) Lair:5
    Orc (2/2) D:10            Elf (1/3) Orc:2        Depths (1/4) D:15
 Bailey (visited)
 Vaults: D:13-14

Altars:
Ashenzari
Cheibriados
Dithmenos
Elyvilon
Fedhas
Gozag
Hepliaklqana
Kikubaaqudgha
Makhleb
Nemelex Xobeh
Okawaru
Qazlal
Ru
Sif Muna
Trog
Uskayaw
Vehumet
Wu Jian
Xom
Yredelemnul
Zin
The Shining One
Jiyva

Shops:
D:11 (   Orc:2 (([

Annotations:
D:5 Grinder
Spider:1 1 runed translucent door, drugrobin's ghost, adept DgFi
Depths:1 Nikola


Innate Abilities, Weirdness & Mutations

Your life essence is reduced to manifest your ancestor. (-10% HP)
You have very sharp teeth.
Your uncanny sense of smell can sniff out nearby items.
Your experience applies equally to all skills.
You possess an exceptional clarity of mind.
You occasionally shout uncontrollably at your foes.


Message History

You finish channelling waves of flame.
The wolf spider completely misses you. x2
The entropy weaver misses you. The entropy weaver closely misses you.
The entropy weaver hits you!
* * * LOW HITPOINT WARNING * * *
The entropy weaver completely misses you.
Illuratum hits the wolf spider with a +0 quarterstaff.
The wolf spider completely misses you. x2
Okay, then.
Clouds of poison gas condense around you!
The condenser dries out!
The wolf spider is poisoned.
The wolf spider completely misses you. The wolf spider barely misses you.
The pharaoh ant bites you.
* * * LOW HITPOINT WARNING * * *
You feel drained.
The orb spider is engulfed in poison gas.
The orb spider is poisoned.
The entropy weaver is engulfed in poison gas.
The entropy weaver looks even sicker.
The entropy weaver hits you but does no damage.
The entropy weaver hits you.
* * * LOW HITPOINT WARNING * * *
The entropy weaver closely misses you. The entropy weaver hits you!
* * * LOW HITPOINT WARNING * * *
The wolf spider is engulfed in poison gas.
The wolf spider looks even sicker.
The wolf spider hits you.
* * * LOW HITPOINT WARNING * * *
The wolf spider closely misses you.
A redback comes into view.
Illuratum hits the wolf spider with a +0 quarterstaff!
The wolf spider dies!
A pharaoh ant comes into view.
The pharaoh ant misses you.
The orb spider is engulfed in poison gas.
The orb spider looks even sicker.
The entropy weaver is engulfed in poison gas.
The entropy weaver looks as sick as possible!
The entropy weaver hits you!
* * * LOW HITPOINT WARNING * * *
The entropy weaver hits you!
You die...

..B..s ....
..#... ...
$....# #..
#.#.. §§ . #(..
#s ..§ §.§#§# .
[.§w§#§§B##...#
#§§.R@B§.....
##...#§§.....
#### ...#..#
#.... # #.###
##


You could see the friendly Illuratum the battlemage (slow), an entropy weaver
(extremely poisoned), a torpor snail, an orb spider (very poisoned), 2 pharaoh
ants and a redback.

Vanquished Creatures
  An azure jelly (Lair:5)
  An emperor scorpion (Spider:1)
  A broodmother (Lair:4)
  An entropy weaver (Spider:2)
  Snorg (D:12)
  Josephine (Lair:5)
  2 rakshasas
  4 hydras
  4 centaur warriors
  A two-headed ogre (D:11)
  2 tengu warriors (D:15)
  Nergalle (D:11)
  A deep elf knight (D:13)
  2 skeletal warriors (D:14)
  A pharaoh ant (Spider:2)
  A steelbarb worm (Spider:1)
  2 orb spiders (Spider:1)
  2 wizards
  A lindwurm (Lair:6)
  An orc sorcerer (D:15)
  2 deep elf pyromancers
  A shining eye (shapeshifter) (D:15)
  7 ugly things
  3 cyclopes
  3 wolf spiders (Spider:1)
  15 elephants
  A moth of wrath (Spider:1)
  2 manticores
  3 black mambas
  8 cane toads
  A torpor snail (Lair:3)
  2 kobold demonologists
  A rime drake (Lair:1)
  A tengu conjurer (D:15)
  9 komodo dragons
  A troll (Orc:1)
  2 merfolk (Lair:3)
  7 polar bears
  A tarantella (Spider:1)
  6 hornets
  5 slime creatures
  23 blink frogs
  3 dream sheep (Lair:5)
  5 jumping spiders
  A vampire (D:10)
  2 wraiths
  Sigmund (D:6)
  6 culicivoras
  4 shadows
  5 wyverns
  7 spriggans (Lair:6)
  2 basilisks
  35 yaks
  16 redbacks
  2 vampire mosquitoes (D:14)
  A steam dragon (D:9)
  5 water moccasins
  24 orc warriors
  2 ice beasts
  7 ogres
  6 black bears
  21 wolves
  A boggart (Lair:6)
  15 centaurs
  7 kobold brigands
  2 phantoms (D:10)
  7 bullfrogs
  A necrophage (D:8)
  2 scorpions
  3 troll zombies (D:10)
  3 howler monkeys
  2 hounds
  8 orc priests
  Jessica (D:2)
  Terence (D:3)
  4 iguanas
  14 orc wizards
  2 hell rats (Lair:3)
  2 ogre zombies (D:10)
  3 gnolls
  9 adders
  A shadow imp (D:6)
  A white imp (D:7)
  2 worms
  71 orcs
  16 endoplasms
  6 giant cockroaches
  2 goblins (D:3)
  5 hobgoblins
  7 jackals
  3 quokkas
  8 ball pythons
  5 bats
  A frilled lizard (D:2)
  2 goblin skeletons (D:10)
  4 goblin zombies (D:10)
  A hobgoblin skeleton (D:10)
  27 kobolds
  An orc skeleton (D:10)
  9 orc zombies (D:10)
  4 rats
553 creatures vanquished.

Vanquished Creatures (collateral kills)
  An azure jelly (Lair:5)
  An entropy weaver (Spider:1)
  2 boulder beetles
  A catoblepas (Lair:6)
  A hydra (D:14)
  A centaur warrior (D:14)
  A tengu warrior (D:15)
  2 skeletal warriors (D:14)
  A pharaoh ant (Spider:1)
  3 wolf spiders
  4 ugly things (D:14)
  An orc sorcerer (Orc:2)
  A black mamba (Lair:3)
  2 merfolk sirens (Lair:3)
  7 elephants
  4 cane toads
  A gargoyle (D:12)
  2 komodo dragons (Lair:6)
  An unseen horror (D:12)
  3 demonic crawlers
  An efreet (D:15)
  A freezing wraith (D:13)
  A tengu conjurer (D:13)
  3 trolls
  A hornet (D:10)
  3 tarantellas (Spider:1)
  4 dream sheep
  12 blink frogs
  A slime creature (D:12)
  2 jumping spiders (Spider:1)
  3 wraiths
  A shadow (D:9)
  2 culicivoras (Spider:1)
  7 spriggans (Lair:6)
  A vampire (D:12)
  A wyvern (D:9)
  19 yaks
  A basilisk (Lair:3)
  4 redbacks
  2 vampire mosquitoes (D:14)
  2 wargs
  An acid dragon (D:12)
  A water moccasin (Lair:5)
  3 ogres
  16 orc warriors
  2 boggarts (Lair:6)
  A phantom (D:10)
  10 wolves (Lair:6)
  5 centaurs (Orc:2)
  A kobold brigand (D:10)
  A troll zombie (D:10)
  A howler monkey (D:9)
  6 orc priests
  6 orc wizards
  5 hell rats (Lair:3)
  A gnoll (Orc:1)
  6 orcs
  A goblin zombie (D:10)
  An orc zombie (D:10)
  A foxfire (Lair:3)
181 creatures vanquished.

Vanquished Creatures (others)
  22 battlemagi
  3 ancestors
  An orc wizard (D:7)
  A bush (Lair:6)
  637 foxfires
  44 fungi
  71 plants
779 creatures vanquished.

Grand Total: 1513 creatures vanquished

Notes
Turn   | Place    | Note
-------+----------+-------------------------------------------
     0 | D:1      | croobank the Gnoll Fire Elementalist began the quest for
                  | the Orb.
     0 | D:1      | Reached XP level 1. HP: 13/13 MP: 6/6
   307 | D:1      | Reached XP level 2. HP: 10/19 MP: 4/7
   852 | D:1      | Learned a level 2 spell: Scorch
   914 | D:1      | Reached XP level 3. HP: 25/25 MP: 2/9
  1056 | D:1      | Reached skill level 5 in Spellcasting
  1526 | D:2      | Found a faded altar of an unknown god.
  1579 | D:2      | Noticed Jessica
  1583 | D:2      | Killed Jessica
  1584 | D:2      | Reached skill level 1 in Fighting
  1584 | D:2      | Reached skill level 1 in Short Blades
  1584 | D:2      | Reached skill level 1 in Long Blades
  1584 | D:2      | Reached skill level 1 in Axes
  1584 | D:2      | Reached skill level 1 in Maces & Flails
  1584 | D:2      | Reached skill level 1 in Polearms
  1584 | D:2      | Reached skill level 1 in Staves
  1584 | D:2      | Reached skill level 1 in Slings
  1584 | D:2      | Reached skill level 1 in Bows
  1584 | D:2      | Reached skill level 1 in Crossbows
  1584 | D:2      | Reached skill level 1 in Throwing
  1584 | D:2      | Reached skill level 1 in Armour
  1584 | D:2      | Reached skill level 1 in Shields
  1584 | D:2      | Reached skill level 1 in Unarmed Combat
  1584 | D:2      | Reached skill level 1 in Invocations
  1584 | D:2      | Reached skill level 1 in Evocations
  1584 | D:2      | Reached XP level 4. HP: 32/32 MP: 6/11
  1933 | D:2      | Learned a level 4 spell: Flame Wave
  2065 | D:2      | Found a glowing golden altar of the Shining One.
  2422 | D:3      | Reached skill level 1 in Hexes
  2422 | D:3      | Reached skill level 1 in Summonings
  2422 | D:3      | Reached skill level 1 in Necromancy
  2422 | D:3      | Reached skill level 1 in Translocations
  2422 | D:3      | Reached skill level 1 in Transmutations
  2422 | D:3      | Reached skill level 1 in Ice Magic
  2422 | D:3      | Reached skill level 1 in Air Magic
  2422 | D:3      | Reached skill level 1 in Earth Magic
  2422 | D:3      | Reached skill level 1 in Poison Magic
  2548 | D:3      | Reached XP level 5. HP: 7/37 MP: 2/12
  3343 | D:3      | Learned a level 3 spell: Stone Arrow
  3347 | D:3      | Learned a level 3 spell: Confusing Touch
  3544 | D:3      | Noticed Terence
  3549 | D:3      | Killed Terence
  3550 | D:3      | Reached XP level 6. HP: 43/44 MP: 2/13
  4355 | D:4      | Reached skill level 5 in Dodging
  4633 | D:4      | Reached XP level 7. HP: 50/50 MP: 9/15
  4750 | D:4      | Identified the +4 morningstar of Amortisation {vorpal,
                  | +Blink rElec rF- Str+4}
  5235 | D:5      | Entered Level 5 of the Dungeon
  5488 | D:5      | Noticed Grinder
  5512 | D:5      | Reached skill level 5 in Stealth
  5904 | D:6      | Reached XP level 8. HP: 55/57 MP: 10/16
  6084 | D:6      | Found a staircase to the Ecumenical Temple.
  6094 | D:6      | Noticed Sigmund
  6096 | Temple   | Entered the Ecumenical Temple
  6320 | D:6      | Killed Sigmund
  6619 | D:6      | Found a snail-covered altar of Cheibriados.
  6623 | D:6      | Found an iron altar of Okawaru.
  6623 | D:6      | Found a broken altar of Ashenzari.
  6625 | D:6      | Found a hazy altar of Hepliaklqana.
  6625 | D:6      | Found a shimmering altar of Xom.
  6625 | D:6      | Found an ancient bone altar of Kikubaaqudgha.
  6902 | D:7      | Reached XP level 9. HP: 48/65 MP: 11/18
  7493 | D:7      | Found a stormy altar of Qazlal.
  7817 | D:8      | Found a flagged portal.
  7883 | Bailey   | Entered a bailey
  8181 | Bailey   | Found an iron altar of Okawaru.
  8433 | D:8      | Reached skill level 5 in Invocations
  8493 | D:8      | Found a staircase to the Lair.
  8675 | D:8      | Found a hazy altar of Hepliaklqana.
  8675 | D:8      | Found a basalt altar of Yredelemnul.
  8930 | D:8      | Found a burning altar of Makhleb.
  8930 | D:8      | Noticed a green death
  8971 | D:8      | Became a worshipper of Hepliaklqana the Forgotten
  9176 | D:9      | Noticed a kobold demonologist
  9321 | Lair:1   | Entered Level 1 of the Lair of Beasts
  9339 | Lair:1   | Reached XP level 10. HP: 73/73 MP: 14/20
  9359 | Lair:1   | Reached skill level 5 in Fighting
  9359 | Lair:1   | Reached skill level 5 in Short Blades
  9359 | Lair:1   | Reached skill level 5 in Long Blades
  9359 | Lair:1   | Reached skill level 5 in Axes
  9359 | Lair:1   | Reached skill level 5 in Maces & Flails
  9359 | Lair:1   | Reached skill level 5 in Polearms
  9359 | Lair:1   | Reached skill level 5 in Staves
  9359 | Lair:1   | Reached skill level 5 in Slings
  9359 | Lair:1   | Reached skill level 5 in Bows
  9359 | Lair:1   | Reached skill level 5 in Crossbows
  9359 | Lair:1   | Reached skill level 5 in Throwing
  9359 | Lair:1   | Reached skill level 5 in Armour
  9359 | Lair:1   | Reached skill level 5 in Shields
  9359 | Lair:1   | Reached skill level 5 in Unarmed Combat
  9359 | Lair:1   | Reached skill level 5 in Evocations
  9631 | Lair:1   | Noticed a cane toad
  9643 | Lair:1   | Killed a cane toad
  9649 | Lair:1   | HP: 3/74 [komodo dragon (13)]
 10069 | Lair:1   | Reached skill level 5 in Conjurations
 10672 | Lair:2   | Reached * piety under Hepliaklqana
 10706 | Lair:2   | Noticed an elephant
 10706 | Lair:2   | Noticed an elephant
 10708 | Lair:2   | Noticed an elephant
 10709 | Lair:2   | Noticed an elephant
 10712 | Lair:2   | Learned a level 4 spell: Olgreb's Toxic Radiance
 10931 | Lair:2   | Killed an elephant
 10938 | Lair:2   | Killed an elephant
 10939 | Lair:2   | Reached XP level 11. HP: 52/72 MP: 0/22
 11374 | Lair:3   | Reached skill level 5 in Hexes
 11374 | Lair:3   | Reached skill level 5 in Summonings
 11374 | Lair:3   | Reached skill level 5 in Necromancy
 11374 | Lair:3   | Reached skill level 5 in Translocations
 11374 | Lair:3   | Reached skill level 5 in Transmutations
 11374 | Lair:3   | Reached skill level 5 in Ice Magic
 11374 | Lair:3   | Reached skill level 5 in Air Magic
 11374 | Lair:3   | Reached skill level 5 in Earth Magic
 11374 | Lair:3   | Reached skill level 5 in Poison Magic
 12953 | Lair:2   | Reached XP level 12. HP: 44/80 MP: 9/24
 13515 | Lair:3   | Reached ** piety under Hepliaklqana
 13516 | Lair:3   | Remembered your ancestor Illuratum as a battlemage
 14110 | Lair:3   | Found a staircase to the Shoals.
 15185 | Lair:4   | Found a hole to the Spider Nest.
 15611 | Lair:4   | Learned a level 5 spell: Metabolic Englaciation
 16122 | Lair:5   | Reached XP level 13. HP: 54/88 MP: 7/26
 16745 | Lair:5   | Reached *** piety under Hepliaklqana
 16745 | Lair:5   | Found a runed translucent door.
 16746 | Lair:5   | Found a viscous altar of Jiyva.
 16746 | Lair:5   | Noticed an azure jelly
 16748 | Lair:5   | Found a staircase to the Slime Pits.
 16748 | Lair:5   | Noticed an azure jelly
 16875 | Lair:5   | Noticed Josephine
 16886 | Lair:5   | Killed Josephine
 17671 | Lair:6   | Entered Level 6 of the Lair of Beasts
 17698 | Lair:5   | HP: 3/89 [blink frog (12)]
 18284 | Lair:6   | Reached **** piety under Hepliaklqana
 18316 | Lair:6   | Reached skill level 10 in Spellcasting
 18483 | Lair:6   | Paralysed by a hornet for 2 turns
 18985 | Lair:6   | Reached skill level 10 in Dodging
 19039 | Lair:6   | Reached XP level 14. HP: 91/95 MP: 15/28
 19361 | Lair:6   | Learned a level 4 spell: Summon Ice Beast
 19493 | Lair:6   | Reached skill level 10 in Stealth
 20397 | Lair:6   | Reached skill level 10 in Invocations
 20623 | D:8      | Learned a level 3 spell: Summon Guardian Golem
 20627 | D:8      | Learned a level 3 spell: Call Canine Familiar
 20793 | D:9      | Learned a level 1 spell: Apportation
 20793 | D:9      | Found a blossoming altar of Fedhas.
 21671 | D:10     | Entered Level 10 of the Dungeon
 22097 | D:10     | Found a staircase to the Orcish Mines.
 22609 | D:10     | Reached ***** piety under Hepliaklqana
 22975 | D:11     | Found Ockad's Weapon Shop.
 23332 | D:11     | Gained mutation: Your body sometimes deteriorates upon
                  | taking damage. [potion of mutation]
 23333 | D:11     | Lost mutation: Your body sometimes deteriorates upon taking
                  | damage. [potion of mutation]
 23333 | D:11     | Gained mutation: You occasionally shout uncontrollably at
                  | your foes. [potion of mutation]
 23333 | D:11     | Gained mutation: You possess an exceptional clarity of
                  | mind. [potion of mutation]
 23336 | D:11     | Noticed Nergalle
 23345 | D:11     | Killed Nergalle
 24575 | D:12     | Found a sacrificial altar of Ru.
 24774 | D:12     | Noticed Snorg
 24782 | D:12     | Killed Snorg
 25379 | Orc:1    | Entered Level 1 of the Orcish Mines
 25736 | Orc:2    | Entered Level 2 of the Orcish Mines
 25736 | Orc:2    | Found a radiant altar of Vehumet.
 25771 | Orc:2    | Found a staircase to the Elven Halls.
 26457 | Orc:2    | Reached XP level 15. HP: 103/103 MP: 26/29
 26525 | Orc:2    | Found Waaran's Weapon Shoppe.
 26525 | Orc:2    | Found Myrokh's Antique Weapon Boutique.
 26527 | Orc:2    | Found Zuonad's Distillery.
 26529 | Orc:2    | Found Jirutohe's Antique Armour Shop.
 27727 | D:13     | Reached skill level 10 in Fire Magic
 27759 | D:13     | Cast into level 2 of the Abyss (a wizard)
 27819 | D:13     | Escaped the Abyss
 27925 | D:13     | Identified the +9 short sword of the Big Fish {vorpal,
                  | *Rage Dex+6}
 28077 | D:14     | Reached skill level 10 in Fighting
 28077 | D:14     | Reached skill level 10 in Short Blades
 28077 | D:14     | Reached skill level 10 in Long Blades
 28077 | D:14     | Reached skill level 10 in Axes
 28077 | D:14     | Reached skill level 10 in Maces & Flails
 28077 | D:14     | Reached skill level 10 in Polearms
 28077 | D:14     | Reached skill level 10 in Staves
 28077 | D:14     | Reached skill level 10 in Slings
 28077 | D:14     | Reached skill level 10 in Bows
 28077 | D:14     | Reached skill level 10 in Crossbows
 28077 | D:14     | Reached skill level 10 in Throwing
 28077 | D:14     | Reached skill level 10 in Armour
 28077 | D:14     | Reached skill level 10 in Shields
 28077 | D:14     | Reached skill level 10 in Unarmed Combat
 28077 | D:14     | Reached skill level 10 in Evocations
 28911 | D:14     | Found a radiant altar of Vehumet.
 29278 | D:15     | Entered Level 15 of the Dungeon
 29324 | D:15     | Paralysed by an orc sorcerer for 6 turns
 29657 | D:15     | Found a staircase to the Depths.
 29663 | Depths:1 | Entered Level 1 of the Depths
 29663 | Depths:1 | Noticed a fire giant
 29663 | Depths:1 | Noticed a frost giant
 29664 | Depths:1 | Noticed Nikola
 30161 | D:15     | Found a bloodstained altar of Trog.
 30380 | Elf:1    | Entered Level 1 of the Elven Halls
 30664 | Spider:1 | Entered Level 1 of the Spider Nest
 30857 | Spider:1 | Noticed an emperor scorpion
 30876 | Lair:4   | HP: 3/87 [demonic crawler (11)]
 31373 | Lair:5   | Learned a level 4 spell: Sticky Flame
 31379 | Lair:5   | Killed an azure jelly
 31384 | Lair:5   | Killed an azure jelly
 31385 | Lair:5   | Reached XP level 16. HP: 51/94 MP: 14/31
 31390 | Slime:1  | Entered Level 1 of the Pits of Slime
 31390 | Slime:1  | Noticed an acid blob
 31907 | Orc:2    | Bought a potion of haste for 130 gold pieces
 31907 | Orc:2    | Bought a potion of magic for 104 gold pieces
 31907 | Orc:2    | Bought a potion of haste for 130 gold pieces
 31907 | Orc:2    | Bought a potion of brilliance for 52 gold pieces
 31907 | Orc:2    | Bought a potion of might for 52 gold pieces
 31907 | Orc:2    | Bought a potion of curing for 39 gold pieces
 31907 | Orc:2    | Bought a potion of curing for 39 gold pieces
 32354 | Orc:2    | Bought a potion of flight for 39 gold pieces
 32934 | Spider:1 | Found a runed translucent door.
 32955 | Spider:1 | Found a shimmering altar of Xom.
 32955 | Spider:1 | Noticed drugrobin's ghost (adept DgFi)
 33758 | Spider:2 | Reached ****** piety under Hepliaklqana
 33766 | Spider:2 | HP: 5/109 [entropy weaver (9)]
 33766 | Spider:2 | Slain by an entropy weaver

Illustrated notes

Levels and vault maps discovered:
D:1:      dpeg_arrival_shelter, layout_basic
D:2:      layout_basic, hellmonk_ecumenical_altar_zigzags, basic_altar,
          uniq_jessica
D:3:      minmay_octagon_keep, layout_loops_cross, uniq_terence
D:4:      minmay_inner_zag, layout_loops_ring, minmay_misc_feat_x
D:5:      layout_loops_cross, uniq_grinder, uniq_crazy_yiuf_cottage,
          uniq_prince_ribbit1
D:6:      layout_basic, doesnt_xom_only_xom, minmay_temple_entry_ruins,
          uniq_sigmund
D:7:      layout_rooms, kennysheep_mini_moat
D:8:      layout_loops_cross, makhleb_altar_promises_db,
          gammafunk_temple_overflow_wave, lair_entry_dummy, enter_bailey_2
D:9:      layout_loops_cross, fedhas_altar_fruit_tree
D:10:     layout_rooms, zombieorc1_lemuel
D:11:     layout_long_grid, serial_shops, nicolae_shop_hallway_plus,
          gauntlet_entry_generic, grunt_decor_resistance, uniq_nergalle
D:12:     layout_loops_ring, nicolae_ru_path_of_blood, uniq_snorg
D:13:     minmay_inside_and_out, layout_gridville, erik_vaults_2
D:14:     layout_rooms, kennysheep_boxes, nicolae_vehumet_radiance
D:15:     hangedman_depths_entry_civil_slaughter, layout_cave_pools,
          bloody_trog, statue_in_the_mist_lemuel
Temple:   eino_temple_scatter_basement
Lair:1:   layout_misc_corridors, grunt_megastairs_2
Lair:2:   layout_cave_pods
Lair:3:   layout_cave_pods, elwin_shoals_entry_stream, lemuel_fruit_tree
Lair:4:   layout_loops_ring, spider_nest_entry_web_field,
          cheibrodos_lair_lostbears
Lair:5:   layout_loops_ring, slime_altar_2, infiniplex_staircase_pool_2,
          uniq_josephine
Lair:6:   minmay_lair_end_enchanted_forest, layout_regular_city,
          nicolae_volcano_entry_vermiform
Spider:1: layout_spider_delve, ebering_ghost_xom, nicolae_spider_bug_shape,
          hangedman_spider_tarantella_strand
Spider:2: layout_spider_delve, nicolae_arachne_temple
Slime:1:  layout_caves
Orc:1:    layout_caves, nicolae_orc_pool_cavern
Orc:2:    st_orc_rangers, layout_caves, basic_altar
Elf:1:    layout_geoelf_octagon, evilmike_minifort, grunt_ministairs_7,
          lemuel_upstairs_altar, minmay_shop_star, uniq_agnes
Depths:1: layout_cross, enter_ziggurat_b, hell_entry, minmay_holes, pan_entry,
          minmay_the_grid_square_5x5_3x3_mashed
          [minmay_the_grid_square_5x5_almost_minimal,
          minmay_the_grid_square_5x5_checkered_statues,
          minmay_the_grid_square_5x5_spiral,
          minmay_the_grid_square_5x5_eight_small,
          minmay_the_grid_square_5x5_megaprize_checkered,
          minmay_the_grid_square_5x5_forky, minmay_the_grid_square_5x5_shrine2,
          minmay_the_grid_square_5x5_dogpile, minmay_the_grid_square_5x5_n],
          uniq_nikola, uniq_bai_suzhen

Skill      XL: |  1  2  3  4  5  6  7  8  9 10 11 12 13 14 15 16 |
---------------+-------------------------------------------------+-----
Conjurations   | 2 3 4 5 6 7 8 9 |  9.3
Spellcasting   | 5 6 7 8 9 10 11 | 11.8
Fighting       | 1 2 3 4 5 6 7 8 9 10 | 10.8
Short Blades   | 1 2 3 4 5 6 7 8 9 10 | 10.8
Long Blades    | 1 2 3 4 5 6 7 8 9 10 | 10.8
Axes           | 1 2 3 4 5 6 7 8 9 10 | 10.8
Maces & Flails | 1 2 3 4 5 6 7 8 9 10 | 10.8
Polearms       | 1 2 3 4 5 6 7 8 9 10 | 10.8
Staves         | 1 2 3 4 5 6 7 8 9 10 | 10.8
Slings         | 1 2 3 4 5 6 7 8 9 10 | 10.8
Bows           | 1 2 3 4 5 6 7 8 9 10 | 10.8
Crossbows      | 1 2 3 4 5 6 7 8 9 10 | 10.8
Throwing       | 1 2 3 4 5 6 7 8 9 10 | 10.8
Armour         | 1 2 3 4 5 6 7 8 9 10 | 10.8
Shields        | 1 2 3 4 5 6 7 8 9 10 | 10.8
Unarmed Combat | 1 2 3 4 5 6 7 8 9 10 | 10.8
Invocations    | 1 2 3 4 5 6 7 8 9 10 11 | 11.7
Evocations     | 1 2 3 4 5 6 7 8 9 10 | 10.8
Hexes          | 1 2 3 4 5 6 7 8 9 |  9.1
Summonings     | 1 2 3 4 5 6 7 8 9 |  9.1
Necromancy     | 1 2 3 4 5 6 7 8 9 |  9.1
Translocations | 1 2 3 4 5 6 7 8 9 |  9.1
Transmutations | 1 2 3 4 5 6 7 8 9 |  9.1
Ice Magic      | 1 2 3 4 5 6 7 8 9 |  9.1
Air Magic      | 1 2 3 4 5 6 7 8 9 |  9.1
Earth Magic    | 1 2 3 4 5 6 7 8 9 |  9.1
Poison Magic   | 1 2 3 4 5 6 7 8 9 |  9.1
Dodging        | 5 6 7 8 9 10 11 | 11.7
Stealth        | 5 6 7 8 9 10 11 | 11.5
Fire Magic     | 6 7 8 9 10 | 10.6

Action                   |  1- 3 |  4- 6 |  7- 9 | 10-12 | 13-15 | 16-18 || total
-------------------------+-------+-------+-------+-------+-------+-------++-------
Melee: Short sword       |     7 |       |       |       |       |       ||     7
       Bite              |     1 |     2 |     1 |    10 |    36 |     3 ||    53
       Unarmed           |     1 |       |       |       |       |       ||     1
       Staff             |     1 |    14 |       |       |       |     6 ||    21
       Morningstar       |       |       |    38 |    67 |   283 |     8 ||   396
       Punch             |       |       |       |     7 |    21 |     1 ||    29
Throw: Dart              |       |       |       |       |     3 |     1 ||     4
       Javelin           |       |       |       |       |     6 |       ||     6
 Cast: Foxfire           |    32 |    44 |    53 |    65 |   179 |     9 ||   382
       Scorch            |     7 |    37 |    92 |   159 |   361 |    34 ||   690
       Flame Wave        |       |     1 |     8 |    16 |    33 |     7 ||    65
       Stone Arrow       |       |       |       |     4 |     4 |     2 ||    10
       Olgreb's Toxic Ra |       |       |       |     7 |    54 |     1 ||    62
       Confusing Touch   |       |       |       |     3 |     5 |     1 ||     9
       Metabolic Englaci |       |       |       |       |    10 |       ||    10
       Summon Ice Beast  |       |       |       |       |     9 |     8 ||    17
       Call Canine Famil |       |       |       |       |     4 |     4 ||     8
       Summon Guardian G |       |       |       |       |     3 |     4 ||     7
       Sticky Flame      |       |       |       |       |     2 |     1 ||     3
Invok: Recall Ancestor   |       |       |       |     1 |       |       ||     1
       Ancestor Life: Ba |       |       |       |     1 |       |       ||     1
       Idealise          |       |       |       |       |     1 |       ||     1
       Transference      |       |       |       |       |     1 |       ||     1
 Abil: Evoke Invisibilit |       |       |       |       |     5 |       ||     5
       Evoke Blink       |       |       |       |       |     3 |       ||     3
Evoke: Wand              |       |       |       |     3 |     1 |     1 ||     5
       Tin of tremorston |       |       |       |       |     1 |       ||     1
       Lightning rod     |       |       |       |       |     3 |       ||     3
       Phantom mirror    |       |       |       |       |     2 |       ||     2
       Condenser vane    |       |       |       |       |     1 |     1 ||     2
  Use: Scroll            |       |     5 |    11 |     9 |    17 |     2 ||    44
       Potion            |       |       |     1 |     7 |    20 |     1 ||    29
 Stab: Distracted        |       |       |       |     2 |     2 |       ||     4
       Confused          |       |       |       |     2 |     2 |       ||     4
       Paralysed         |       |       |       |     2 |       |       ||     2
       Sleeping          |       |       |       |       |     4 |     1 ||     5
Armor: Robe              |     1 |     2 |       |       |       |       ||     3
       Leather armour    |       |       |    27 |    54 |    63 |       ||   144
       Steam dragon scal |       |       |       |       |    24 |       ||    24
       Troll leather arm |       |       |       |       |    67 |    15 ||    82
Dodge: Dodged            |    16 |    15 |   100 |   250 |   703 |    99 ||  1183

Table legend: (Time is in decaauts)
 A = Elapsed time spent in this place.
 B = Non-inter-level travel time spent in this place.
 C = Inter-level travel time spent in this place.
 D = Time resting spent in this place.
 E = Time spent auto-exploring this place.
 F = Levels seen in this place.
 G = Mean time per level.
                   A        B        C        D        E       F      G
               +--------+--------+--------+--------+--------+-----+--------+
         Total |  33892 |  31678 |   2214 |   7666 |  18467 |  31 | 1093.3 |
       Dungeon |  16707 |  15608 |   1099 |   2214 |  10695 |  15 | 1113.8 |
        Temple |    210 |    200 |     10 |      0 |    183 |   1 |  210.0 |
          Lair |  12730 |  12057 |    673 |   4792 |   5677 |   6 | 2121.7 |
   Spider Nest |   1255 |   1231 |     24 |    218 |    566 |   2 |  627.5 |
    Slime Pits |     24 |     24 |      0 |      0 |      0 |   1 |   24.0 |
  Orcish Mines |   2486 |   2080 |    406 |    260 |   1247 |   2 | 1243.0 |
   Elven Halls |      1 |      1 |      0 |      0 |      0 |   1 |    1.0 |
        Depths |      1 |      1 |      0 |      0 |      0 |   1 |    1.0 |
         Abyss |     59 |     59 |      0 |      0 |      0 |   1 |   59.0 |
        Bailey |    415 |    415 |      0 |    182 |     97 |   1 |  415.0 |
               +--------+--------+--------+--------+--------+-----+--------+

Top non-repeatable levels by time:
  Lair:3: 2667 daAuts
  Lair:4: 2574 daAuts
  Lair:6: 2296 daAuts
  Lair:5: 2164 daAuts
     D:3: 1737 daAuts
  Lair:2: 1666 daAuts
   Orc:2: 1450 daAuts
    D:12: 1402 daAuts
  Lair:1: 1362 daAuts
    D:10: 1361 daAuts
    D:14: 1342 daAuts
     D:8: 1282 daAuts
     D:9: 1269 daAuts
    D:11: 1240 daAuts
     D:4: 1236 daAuts
